 Dungeon Crawl Stone Soup version 0.23.0-28-g6fe0f4dc8b (webtiles) character file.

Game seed: 6712131869333983059

442 HolyGrifer the Stinger (level 7, -16/38 HPs)
             Began as a Gargoyle Venom Mage on Feb 25, 2019.
             Was a Believer of Vehumet.
             Demolished by an ogre
             ... wielding a +0 giant club
              (20 damage)
             ... on level 4 of the Dungeon.
             The game lasted 00:23:38 (5017 turns).

HolyGrifer the Stinger (Gargoyle Venom Mage)        Turns: 5017, Time: 00:23:39

Health: -16/38     AC:  6    Str: 12    XL:     7   Next: 2%
Magic:  4/13       EV: 12    Int: 17    God:    Vehumet [**....]
Gold:   162        SH:  0    Dex: 10    Spells: 10/15 levels left

rFire    . . .     SeeInvis .   b - -3 whip (curse)
rCold    . . .     Gourm    .   (no shield)
rNeg     + . .     Faith    +   a - +0 robe
rPois    ∞         Spirit   .   (no helmet)
rElec    +         Reflect  .   (no cloak)
rCorr    .         Harm     .   (no gloves)
MR       .....                  (no boots)
Stlth    ++........             f - amulet of faith
HPRegen  0.12/turn              (no ring)
MPRegen  0.13/turn              (no ring)

@: very slightly contaminated
A: negative energy resistance 1, electricity resistance, unbreathing,
petrification resistance, rot immunity, AC +4
a: Renounce Religion


You were on level 4 of the Dungeon.
You worshipped Vehumet.
Vehumet was pleased with you.
You were hungry.

You visited 1 branch of the dungeon, and saw 4 of its levels.

You collected 162 gold pieces.

Inventory:

Hand Weapons
 b - a cursed -3 whip (weapon)
 l - a +0 hand crossbow
 p - the +2 spear "Edgheclur" {antimagic, rF+ Str+5, unknown}
   (You found it on level 4 of the Dungeon)

   It reduces the magical energy of the wielder, and disrupts the spells and
   magical abilities of those hit.
   Natural abilities and divine invocations are not affected.
   It affects your strength (+5).
   It protects you from fire.
Armour
 a - a +0 robe (worn)
Jewellery
 f - an amulet of faith (around neck)
Wands
 j - a wand of digging (4)
Scrolls
 d - 6 scrolls of identify
 e - 2 scrolls of teleportation
 i - a scroll of noise
Potions
 g - a potion of haste {unknown}
 h - a potion of invisibility {unknown}
 m - a potion of ambrosia {unknown}
 o - a potion of mutation {unknown}
 q - a potion of might {unknown}
Comestibles
 c - 2 rations


   Skills:
 + Level 1.0 Fighting
 + Level 2.2 Dodging
 + Level 3.2 Stealth
 * Level 4.5 Spellcasting
 + Level 2.1 Conjurations
 * Level 5.0 Poison Magic


You had 10 spell levels left.
You knew the following spells:

 Your Spells              Type           Power        Failure   Level  Hunger
a - Sting                 Conj/Pois      ###.         3%          1    None
b - Olgreb's Toxic Radia  Pois           ###.....     19%         4    ####...

Your spell library contained the following spells:

 Spells                   Type           Power        Failure   Level  Hunger
 Throw Flame              Conj/Fire      #.....       14%         2    ##.....
 Poisonous Vapours        Pois/Air       ##....       9%          2    ##.....
 Mephitic Cloud           Conj/Pois/Air  ##......     17%         3    ###....
 Venom Bolt               Conj/Pois      ###.......   67%         5    ######.


Dungeon Overview and Level Annotations

Branches:
Dungeon (4/15)
 Temple: D:4-7

Altars:
Ashenzari
Cheibriados
Dithmenos
Nemelex Xobeh
Qazlal
Sif Muna
Uskayaw
Vehumet
Wu Jian
Yredelemnul
The Shining One


Innate Abilities, Weirdness & Mutations

You are resistant to torment.
Your stone body is resilient. (AC +4)
You are immune to poison.
You resist negative energy. (rN+)
You are resistant to electric shocks. (rElec)
You can survive without breathing.
You are immune to petrification.
You are immune to rotting.


Message History

Wisps of poison gas drift from your hands.
Casting: Olgreb's Toxic Radiance (slightly dangerous; 21% risk of failure)
Confirm with . or Enter, or press ? or * to list all spells.
You begin to radiate toxic energy.
The worker ant is poisoned.
The ogre is poisoned.
The ogre hits you with a +0 giant club!
The ogre looks even sicker.
Found a cyan potion.
The ogre looks even sicker.
Your toxic aura wanes.
Found a leather armour.
The ogre hits you with a +0 giant club!!
Ouch! That really hurt!
* * * LOW HITPOINT WARNING * * *
Vehumet accepts your kill.
Your Poison Magic skill increases to level 5!
You have reached level 7!
You feel a bit more experienced.
The ogre hits you with a +0 giant club!!
Ouch! That really hurt!
You die...

..####.....###. ....). ..
.##.......... .#......#.#
.#..##.....####..........
...##............. .#....
.####..§...####.## .....#
.......§§§§....a.##......
.#......§§§§...#........#
...###..§§§.#####O...#..#
##.###......# #.@....#
.........##.# #.##.......
.......#........ ...##..
.......####.#... ..... .
.......# #.#......!.##..
.......# .....####### .
..........##.###
.......#####. ####.###


You could see an ogre.

Vanquished Creatures
  Sigmund (D:3)
  An iguana (D:4)
  4 worker ants (D:4)
  Robin (D:3)
  7 adders
  2 worms (D:3)
  A leopard gecko (D:2)
  An orc (D:3)
  6 bats
  3 giant cockroaches
  18 goblins
  10 hobgoblins
  11 jackals
  6 kobolds
  3 quokkas
  A ball python (D:2)
  2 frilled lizards
  2 rats
80 creatures vanquished.

Vanquished Creatures (others)
  A worm (D:3)
  A hobgoblin (D:3)
2 creatures vanquished.

Grand Total: 82 creatures vanquished

Notes
Turn   | Place    | Note
-------+----------+-------------------------------------------
     0 | D:1      | HolyGrifer the Gargoyle Venom Mage began the quest for the
                  | Orb.
     0 | D:1      | Reached XP level 1. HP: 10/10 MP: 3/3
   301 | D:1      | Reached XP level 2. HP: 13/15 MP: 0/5
  1042 | D:2      | Found a radiant altar of Vehumet.
  1066 | D:2      | Became a worshipper of Vehumet
  1310 | D:2      | Reached XP level 3. HP: 19/19 MP: 4/6
  1397 | D:2      | Found a stormy altar of Qazlal.
  1855 | D:2      | Found a shadowy altar of Dithmenos.
  2051 | D:2      | Found a deep blue altar of Sif Muna.
  2374 | D:3      | Reached XP level 4. HP: 21/24 MP: 0/7
  2583 | D:3      | Learned a level 4 spell: Olgreb's Toxic Radiance
  2652 | D:3      | Reached * piety under Vehumet
  2652 | D:3      | Offered knowledge of Shock by Vehumet.
  2827 | D:3      | Reached skill level 4 in Poison Magic
  2839 | D:3      | Noticed Robin
  2850 | D:3      | Killed Robin
  2850 | D:3      | Reached XP level 5. HP: 16/28 MP: 2/9
  2854 | D:3      | Noticed Sigmund
  2971 | D:3      | Killed Sigmund
  2971 | D:3      | Reached skill level 1 in Fighting
  2971 | D:3      | Reached XP level 6. HP: 5/34 MP: 5/12
  3265 | D:3      | Found a shattered altar of Ashenzari.
  3376 | D:3      | Reached ** piety under Vehumet
  3376 | D:3      | Offered knowledge of Throw Flame by Vehumet.
  3390 | D:3      | Learned a level 5 spell: Venom Bolt
  4209 | D:3      | Found a basalt altar of Yredelemnul.
  4212 | D:3      | Found a snail-covered altar of Cheibriados.
  4232 | D:3      | Found a sparkling altar of Nemelex Xobeh.
  4232 | D:3      | Found a hide-covered altar of Uskayaw.
  4233 | D:3      | Found a glowing golden altar of the Shining One.
  4439 | D:4      | Found an ornate altar of the Wu Jian Council.
  4916 | D:4      | Got an ichor-stained spear
  5017 | D:4      | Reached skill level 5 in Poison Magic
  5017 | D:4      | Reached XP level 7. HP: 4/38 MP: 4/13
  5017 | D:4      | Demolished by an ogre

Skill      XL: |  1  2  3  4  5  6 |
---------------+-------------------+-----
Spellcasting   | 3 4 |  4.5
Poison Magic   | 4 5 |  5.0
Fighting       | 1 |  1.0
Dodging        | 2 |  2.2
Conjurations   | 2 |  2.1
Stealth        | 3 |  3.2

Action                   |  1- 3 |  4- 6 |  7- 9 || total
-------------------------+-------+-------+-------++-------
Melee: Whip              |    26 |    23 |       ||    49
       Unarmed           |     1 |       |       ||     1
 Cast: Sting             |    78 |    60 |       ||   138
       Olgreb's Toxic Ra |       |    13 |       ||    13
  Use: Scroll            |     3 |     3 |       ||     6
 Stab: Sleeping          |     1 |       |       ||     1
  Eat: Ration            |     2 |     3 |       ||     5
Armor: Robe              |    52 |    37 |       ||    89
Dodge: Dodged            |    90 |    81 |       ||   171
